 Dungeon Crawl Stone Soup version 0.31-a0-431-g88bdf31460 (webtiles) character file.

Game seed: 11632055272710038575

41835 123mememe the Carver (level 13, -2/122 HPs)
             Began as a Minotaur Fighter on July 31, 2023.
             Was a High Priest of Okawaru.
             Slain by a stone giant (18 damage)
             ... on level 1 of the Depths.
             The game lasted 02:32:57 (18780 turns).

123mememe the Carver (Minotaur Fighter)            Turns: 18780, Time: 02:32:58

Health: -2/122     AC: 29    Str: 25    XL:     13   Next: 82%
Magic:  0/16       EV: 15    Int:  5    God:    Okawaru [*****.]
Gold:   327        SH:  0    Dex: 11    Spells: 12/12 levels left

rFire   . . .        W - +7 triple sword
rCold   . . .        (shield currently unavailable)
rNeg    . . .        N - +3 plate armour
rPois   .            o - +0 mask of the Dragon {Will+ Slay+3 SInv}
rElec   .            (no cloak)
rCorr   .            X - +2 pair of gloves {infuse}
SInv    +            D - +2 pair of boots
Will    +....        h - amulet of guardian spirit Stlth
                     u - +5 ring of evasion
HPRegen 0.40/turn    R - +4 ring of protection
MPRegen 0.15/turn

%: guardian spirit
@: mighty
A: horns 2, retaliatory headbutt
a: Renounce Religion, Heroism, Finesse, Duel


You were on level 1 of the Depths.
You worshipped Okawaru.
Okawaru was extremely pleased with you.
You visited 4 branches of the dungeon, and saw 19 of its levels.
You visited 1 bazaar.

You collected 2116 gold pieces.
You spent 1789 gold pieces at shops.

Inventory:

Hand Weapons
 b - a +4 scimitar of flaming
 n - a +1 heavy orcbow
 H - a +1 heavy great mace
 W - a +7 triple sword (weapon)
Missiles
 t - 18 poisoned darts
 P - 3 curare-tipped darts
Armour
 c - a +0 buckler
 o - the +0 mask of the Dragon (worn) {Will+ Slay+3 SInv}
   (You bought it in a shop on level 11 of the Dungeon)

   Slay:      It affects your accuracy & damage with ranged weapons and melee
   (+3).
   SInv:      It lets you see invisible.
   Will:      It increases your willpower.
 D - a +2 pair of boots (worn)
 N - a +3 plate armour (worn)
 X - a +2 pair of gloves of infusion (worn)
Jewellery
 e - an amulet of faith
 h - an amulet of guardian spirit (around neck)
 u - a +5 ring of evasion (left hand)
 y - a ring of ice
 B - a ring of flight
 R - a +4 ring of protection (right hand)
Wands
 k - a wand of flame (6)
 S - a wand of polymorph (1)
 V - a wand of quicksilver (4)
Scrolls
 f - 3 scrolls of amnesia
 s - 2 scrolls of fog
 x - a scroll of immolation
 K - a scroll of vulnerability
 L - 2 scrolls of teleportation
Potions
 g - 4 potions of attraction
 p - 2 potions of enlightenment
 q - 2 potions of magic
 v - 3 potions of heal wounds
 w - 3 potions of haste
 z - 6 potions of curing
 E - 3 potions of cancellation
 G - 3 potions of brilliance
 I - 3 potions of degeneration
 J - a potion of berserk rage
 M - a potion of ambrosia {unknown}
Miscellaneous
 i - a phial of floods


   Skills:
 * Level 13.4 Fighting
 - Level 14.0 Long Blades
 - Level 8.0 Throwing
 + Level 11.7 Armour
 + Level 9.8 Dodging
 - Level 11.4 Shields
 + Level 5.9 Invocations


You had 12 spell levels left.
You didn't know any spells.
Your spell library contained the following spells:

 Spells                   Type           Power      Damage    Failure   Level
 Sandblast                Erth           0%         2d4       99%         1
 Passwall                 Tmut/Erth      0%         N/A       100%        2
 Poisonous Vapours        Pois/Air       0%         N/A       100%        2
 Inner Flame              Hex/Fire       0%         N/A       100%        3
 Mephitic Cloud           Conj/Pois/Air  0%         N/A       100%        3
 Stone Arrow              Conj/Erth      0%         3d7       100%        3
 Freezing Cloud           Conj/Ice/Air   0%         6-21      100%        5
 Yara's Violent Unravell  Hex/Tmut       0%         3d3       100%        5
 Enfeeble                 Hex            0%         N/A       100%        7
 Lehudib's Crystal Spear  Conj/Erth      0%         10d2      100%        8
 Animate Armour           Summ/Erth      Unusable   N/A       N/A         4

Dungeon Overview and Level Annotations

Branches:
Dungeon (15/15)            Temple (1/1) D:7            Lair (0/5) D:10
    Orc (2/2) D:12            Elf (0/3) Orc:2        Depths (2/4) D:15
 Vaults: D:13-14

Altars:
Ashenzari
Cheibriados
Dithmenos
Elyvilon
Fedhas
Gozag
Hepliaklqana
Kikubaaqudgha
Makhleb
Nemelex Xobeh
Okawaru
Qazlal
Ru
Sif Muna
Trog
Uskayaw
Vehumet
Wu Jian
Xom
Yredelemnul
Zin
The Shining One

Shops:
D:10 !   D:11 =[(   Orc:1 !   Orc:2 (=?!

Portals:
Abyss: D:10
Pandemonium: Depths:1 Depths:2
Trove: D:12 (give 12 potions of heal wounds)

Annotations:
D:9 3 runed translucent doors, Dirtsage's ghost, novice DsSh; Flugkiller's ghost, novice DESh; NigelTetley's ghost, novice FoFi; mopl's ghost, novice OpBr
D:10 2 transporters, KimchiStew's ghost, journeyman TrFi


Innate Abilities, Weirdness & Mutations

You have a pair of horns on your head.
You reflexively headbutt those who attack you in melee.


Message History

The ettin returns to its original shape as it dies.
You start resting.
You feel like a meek peon again.
You start resting.
A stone giant is nearby!
A stone giant is nearby!
The stone giant shouts!
You see here a frost giant corpse.
The stone giant throws a large rock.
The large rock hits you!!
* * * LOW HITPOINT WARNING * * *
You feel much better. The stone giant closely misses you.
You furiously retaliate!
You headbutt the stone giant!
You hit the stone giant but do no damage.
The stone giant is lightly wounded.
The stone giant hits you but does no damage.
You slash the stone giant!
The stone giant is moderately wounded.
The stone giant misses you.
You slice the stone giant!! You headbutt the stone giant!
The stone giant is severely wounded.
The stone giant hits you!!
* * * LOW HITPOINT WARNING * * *
You hit the stone giant. You headbutt the stone giant!
The stone giant is almost dead.
The stone giant hits you!
* * * LOW HITPOINT WARNING * * *
You hit the stone giant but do no damage.
The stone giant is severely wounded.
The stone giant completely misses you.
You feel much better.
The stone giant hits you but does no damage.
You slash the stone giant!
The stone giant is almost dead.
The stone giant hits you!
* * * LOW HITPOINT WARNING * * *
You hit the stone giant.
The stone giant is almost dead.
The stone giant hits you!!
You die...

##+#.##
..#.........
#.....#
#+#.##...... .
#.....# ..
#...... ..
#.)...# ...
#..♣..# ..♣.
#.†...# .♣.
.....#..)..#....
#.......♣C......
##......@......#
##..♣..>..♣..##
##.........##
##...♣...##
##.....##
###+###


You could see a stone giant.

Vanquished Creatures
  A frost giant (D:15)
  An orc warlord (Orc:1)
  Josephine (D:12)
  An ettin (Depths:1)
  A hydra (D:15)
  Erolcha (D:10)
  2 boulder beetles (D:13)
  A catoblepas (D:13)
  3 centaur warriors
  A death knight (D:13)
  A deep troll earth mage (Depths:2)
  A two-headed ogre (D:5)
  2 tengu warriors (D:15)
  3 orc high priests (Orc:2)
  Sonja (Orc:2)
  2 phantasmal warriors (D:12)
  Pikel (D:5)
  A wizard (D:15)
  7 orc knights
  A harpy (shapeshifter) (D:15)
  5 ugly things
  3 orc sorcerers (Orc:2)
  3 manticores
  A cyclops (D:15)
  A black mamba (shapeshifter) (D:15)
  Joseph (D:9)
  2 freezing wraiths (D:12)
  4 efreet
  7 trolls
  A tyrant leech (Depths:1)
  A hornet (D:8)
  3 shadows
  2 wyverns
  2 water elementals (D:13)
  4 wraiths (D:12)
  20 yaks
  2 steam dragons
  2 basilisks
  10 vampire mosquitoes
  2 wargs
  A two-headed ogre zombie (D:12)
  An acid dragon (D:10)
  3 water moccasins
  Duvessa (D:7)
  4 black bears
  24 orc warriors
  2 ice beasts
  2 sky beasts (D:6)
  6 ogres
  11 centaurs
  3 phantoms
  4 lemures (D:5)
  A kobold brigand (D:9)
  5 bullfrogs
  4 scorpions
  3 wights (D:9)
  2 troll zombies (D:12)
  Dowan (D:7)
  17 killer bees
  5 howler monkeys
  A crimson imp (D:12)
  4 jellies
  16 orc priests
  2 hounds
  A gnoll bouda (D:9)
  2 iguanas
  3 sleepcaps
  26 orc wizards
  Natasha (thrice) (D:2)
  5 ogre zombies (D:12)
  7 gnolls
  9 adders
  A shadow imp (D:5)
  A white imp (D:12)
  3 worms
  2 dart slugs
  68 orcs
  3 endoplasms
  3 giant cockroaches
  4 goblins
  8 hobgoblins
  4 jackals (D:4)
  6 kobolds
  7 quokkas
  7 ball pythons
  5 bats
  3 frilled lizards (D:3)
  2 goblin skeletons (D:12)
  4 goblin zombies (D:12)
  A hobgoblin skeleton (D:12)
  A hobgoblin zombie (D:12)
  An orc skeleton (D:12)
  16 orc zombies (D:12)
  6 rats
444 creatures vanquished.

Vanquished Creatures (others)
  A water moccasin (D:6)
  An orc wizard (Orc:2)
2 creatures vanquished.

Grand Total: 446 creatures vanquished

Notes
Turn   | Place    | Note
-------+----------+-------------------------------------------
     0 | D:1      | 123mememe the Minotaur Fighter began the quest for the Orb.
     0 | D:1      | Reached XP level 1. HP: 19/19 MP: 0/0
   565 | D:1      | Reached XP level 2. HP: 23/27 MP: 1/1
   970 | D:2      | Reached XP level 3. HP: 33/33 MP: 2/2
   987 | D:2      | Noticed Natasha
   996 | D:2      | Killed Natasha
   997 | D:2      | Reached skill level 3 in Long Blades
  1010 | D:2      | Noticed Natasha
  1022 | D:2      | Killed Natasha
  1023 | D:2      | Reached XP level 4. HP: 18/41 MP: 3/3
  1079 | D:2      | Noticed Natasha
  1088 | D:2      | Killed Natasha
  1089 | D:2      | Reached skill level 5 in Fighting
  1277 | D:2      | Reached XP level 5. HP: 48/48 MP: 4/4
  1536 | D:3      | Reached skill level 1 in Dodging
  1728 | D:3      | Reached skill level 4 in Long Blades
  1730 | D:3      | Reached skill level 1 in Throwing
  1732 | D:3      | Reached XP level 6. HP: 46/56 MP: 5/5
  2623 | D:4      | Reached skill level 5 in Armour
  2767 | D:4      | Reached skill level 5 in Shields
  2961 | D:4      | Reached XP level 7. HP: 62/62 MP: 6/6
  3130 | D:4      | Found a sand-covered staircase.
  3443 | D:4      | Reached skill level 5 in Long Blades
  3711 | D:5      | Entered Level 5 of the Dungeon
  4262 | D:5      | Noticed Pikel
  4298 | D:5      | Killed Pikel
  4299 | D:5      | Reached skill level 6 in Long Blades
  4299 | D:5      | Reached XP level 8. HP: 14/71 MP: 3/7
  5093 | D:6      | Reached skill level 7 in Long Blades
  5269 | D:6      | Noticed a two-headed ogre
  5298 | D:5      | Killed a two-headed ogre
  5299 | D:5      | Reached XP level 9. HP: 63/79 MP: 6/8
  5355 | D:6      | Reached skill level 8 in Long Blades
  6570 | D:7      | Noticed Duvessa
  6573 | D:7      | Noticed Dowan
  6588 | D:7      | Killed Dowan
  6589 | D:7      | Reached skill level 5 in Dodging
  6591 | D:7      | Killed Duvessa
  6621 | D:7      | Found a staircase to the Ecumenical Temple.
  6678 | Temple   | Entered the Ecumenical Temple
  6874 | Temple   | Became a worshipper of Warmaster Okawaru
  6967 | D:7      | Reached skill level 9 in Long Blades
  7020 | D:7      | Found a broken altar of Ashenzari.
  7055 | D:7      | Reached skill level 5 in Throwing
  7217 | D:7      | Found a radiant altar of Vehumet.
  7259 | D:7      | Reached XP level 10. HP: 85/89 MP: 9/9
  7651 | D:8      | Reached * piety under Okawaru
  8267 | D:8      | Reached skill level 10 in Long Blades
  8473 | D:9      | Reached ** piety under Okawaru
  8793 | D:9      | Noticed Joseph
  8877 | D:9      | Killed Joseph
  9110 | D:9      | Found an ancient bone altar of Kikubaaqudgha.
  9110 | D:9      | Found a hazy altar of Hepliaklqana.
  9113 | D:9      | Found a shimmering altar of Xom.
  9115 | D:9      | Found a glowing golden altar of the Shining One.
  9342 | D:9      | Found a runed translucent gate.
  9342 | D:9      | Found a runed translucent gate.
  9344 | D:9      | Found a runed translucent gate.
  9344 | D:9      | Noticed NigelTetley's ghost (novice FoFi)
  9344 | D:9      | Noticed Dirtsage's ghost (novice DsSh)
  9345 | D:9      | Noticed mopl's ghost (novice OpBr)
  9345 | D:9      | Noticed Flugkiller's ghost (novice DESh)
  9431 | D:10     | Entered Level 10 of the Dungeon
  9467 | D:10     | Noticed Erolcha
  9489 | D:10     | Killed Erolcha
  9544 | D:10     | Reached XP level 11. HP: 97/97 MP: 8/10
  9549 | D:10     | Reached *** piety under Okawaru
  9565 | D:10     | Reached skill level 11 in Long Blades
  9644 | D:10     | Noticed a rakshasa
  9645 | D:10     | Found a transporter.
  9869 | D:10     | Found a staircase to the Lair.
  9971 | D:10     | Found Hivur's Distillery.
  9999 | D:10     | Bought 2 potions of curing for 90 gold pieces
  9999 | D:10     | Bought a potion of curing for 45 gold pieces
 10156 | D:10     | Found a one-way gate to the infinite horrors of the Abyss.
 10156 | D:10     | Noticed KimchiStew's ghost (journeyman TrFi)
 10164 | D:10     | Found a transporter.
 10176 | D:10     | Noticed a skeletal warrior
 10177 | D:10     | Noticed a soul eater
 10357 | D:11     | Reached **** piety under Okawaru
 10372 | D:11     | Found Biugiluf's Jewellery Emporium.
 10416 | D:11     | Received a gift from Okawaru
 10540 | D:11     | Found a gateway to a bazaar.
 10838 | D:11     | Found Okijyoqo's Armour Shop.
 10846 | D:11     | Bought the +0 mask of the Dragon {Will+ Slay+3 SInv} for
                  | 400 gold pieces
 10846 | D:11     | Found the +0 mask of the Dragon {Will+ Slay+3 SInv}
 10987 | D:11     | Found Tygagous's Weapon Emporium.
 11000 | D:11     | Reached skill level 10 in Fighting
 11014 | D:11     | Reached skill level 1 in Invocations
 11035 | D:11     | Bought a +0 scimitar for 48 gold pieces
 11069 | D:11     | Noticed a white ugly thing
 11078 | D:11     | Killed a white ugly thing
 11263 | Bazaar   | Entered a bazaar
 11263 | Bazaar   | Found Cuamics's Distillery.
 11263 | Bazaar   | Found Qosafuet's Assorted Antiques.
 11265 | Bazaar   | Found Etesang's Distillery.
 11265 | Bazaar   | Found Pamearam's General Store.
 11327 | Bazaar   | Bought a potion of heal wounds for 30 gold pieces
 11327 | Bazaar   | Bought 2 potions of cancellation for 96 gold pieces
 11327 | Bazaar   | Bought a potion of heal wounds for 30 gold pieces
 11327 | Bazaar   | Bought a potion of curing for 18 gold pieces
 11330 | Bazaar   | Bought a potion of curing for 24 gold pieces
 11330 | Bazaar   | Bought a potion of might for 32 gold pieces
 11330 | Bazaar   | Bought a potion of berserk rage for 40 gold pieces
 11330 | Bazaar   | Bought a potion of cancellation for 64 gold pieces
 11425 | D:12     | Found a staircase to the Orcish Mines.
 11438 | D:12     | Reached skill level 12 in Long Blades
 11498 | D:12     | Received a gift from Okawaru
 11692 | D:12     | Found a portal to a secret trove of treasure.
 11706 | D:12     | Noticed a green ugly thing
 11727 | D:12     | Killed a green ugly thing
 11751 | D:12     | Reached ***** piety under Okawaru
 11780 | D:12     | Identified the +3 kite shield "Locuguem" {Int+5 Slay-6}
                  | (Okawaru gifted it to you on level 12 of the Dungeon)
 11780 | D:12     | Received a gift from Okawaru
 12274 | Orc:1    | Entered Level 1 of the Orcish Mines
 12291 | Orc:1    | Reached XP level 12. HP: 107/107 MP: 12/12
 12364 | Orc:1    | Found a transporter.
 12368 | Orc:1    | Found an ornate altar of the Wu Jian Council.
 12368 | Orc:1    | Noticed an orc warlord
 12388 | Orc:1    | Found a transporter.
 12395 | Orc:1    | Found a transporter.
 12466 | Orc:1    | Found an ornate altar of the Wu Jian Council.
 12468 | Orc:1    | Found a transporter.
 12829 | Orc:2    | Entered Level 2 of the Orcish Mines
 12851 | Orc:2    | Found a staircase to the Elven Halls.
 13073 | Orc:2    | Found a burning altar of Makhleb.
 13121 | Orc:2    | Noticed Sonja
 13148 | Orc:2    | Killed Sonja
 13149 | Orc:2    | Reached skill level 10 in Armour
 13556 | Orc:2    | Noticed an orc high priest
 13597 | Orc:2    | Killed an orc high priest
 13598 | Orc:2    | Reached skill level 13 in Long Blades
 13782 | Orc:2    | Reached skill level 10 in Shields
 14102 | Orc:2    | Noticed an orc high priest
 14107 | Orc:2    | Noticed an orc high priest
 14110 | Orc:2    | Killed an orc high priest
 14116 | Orc:2    | Found Letyises's Antique Weapon Boutique.
 14116 | Orc:2    | Found Baudetob's Distillery.
 14116 | Orc:2    | Found Betoet's Jewellery Boutique.
 14116 | Orc:2    | Found Moent's Magic Scroll Emporium.
 14417 | Orc:2    | Killed an orc high priest
 14702 | Orc:2    | Received a gift from Okawaru
 14883 | Orc:2    | Bought a +4 ring of protection for 468 gold pieces
 14888 | Orc:2    | Bought a potion of cancellation for 80 gold pieces
 14888 | Orc:2    | Bought a potion of curing for 30 gold pieces
 14888 | Orc:2    | Bought a potion of heal wounds for 50 gold pieces
 14888 | Orc:2    | Bought a potion of might for 40 gold pieces
 14888 | Orc:2    | Bought a potion of heal wounds for 50 gold pieces
 15049 | Orc:1    | Found Adghae Suli's Distillery.
 15093 | Orc:1    | Bought a potion of heal wounds for 70 gold pieces
 15223 | Orc:1    | Bought a potion of curing for 42 gold pieces
 15223 | Orc:1    | Bought a potion of curing for 42 gold pieces
 15372 | Orc:1    | Killed an orc warlord
 15372 | Orc:1    | Received a gift from Okawaru
 15520 | D:13     | Noticed Josephine
 15523 | D:13     | Noticed a death knight
 15532 | D:12     | Killed Josephine
 15536 | D:12     | Reached XP level 13. HP: 78/116 MP: 11/15
 15929 | D:13     | Received a gift from Okawaru
 15930 | D:13     | Reached skill level 14 in Long Blades
 16324 | D:13     | Received a gift from Okawaru
 16635 | D:13     | You fall into a shaft and drop 2 floors!
 16635 | D:15     | Entered Level 15 of the Dungeon
 16824 | D:15     | Reached skill level 5 in Invocations
 18320 | D:15     | Found a staircase to the Depths.
 18320 | D:15     | Noticed a frost giant
 18331 | D:15     | Killed a frost giant
 18651 | Depths:1 | Entered Level 1 of the Depths
 18667 | Depths:1 | Noticed a stone giant
 18687 | Depths:2 | Found a one-way gate leading to the halls of Pandemonium.
 18709 | Depths:2 | Noticed a lich
 18717 | Depths:2 | Noticed a fire giant
 18724 | Depths:1 | Noticed an ettin
 18724 | Depths:1 | Noticed a frost giant
 18725 | Depths:1 | a frost giant changed into an ettin
 18725 | Depths:1 | Noticed an ettin
 18726 | Depths:1 | an ettin changed into a tyrant leech
 18729 | Depths:1 | Killed an ettin
 18780 | Depths:1 | Slain by a stone giant

Illustrated notes

Levels and vault maps discovered:
D:1:      dpeg_arrival_three_same_balls, layout_loops_corners
D:2:      layout_rooms, uniq_natasha
D:3:      layout_basic, gup_sewer_entry_bowl
D:4:      layout_basic, enter_ossuary_5, minmay_hedge_maze
D:5:      layout_gridville, uniq_pikel
D:6:      hangedman_cross_stitches, layout_basic, abandoned_shop
D:7:      layout_rooms, evilmike_ruin_ashenzari, mainiacjoe_overflow_brackets,
          minmay_temple_entry_glass, uniq_duvessa
D:8:      lemuel_ice_spiral_2, layout_basic
D:9:      layout_small_grid, minitemple, gammafunk_ghost_cemetery,
          dreamdust_gnoll_shepherd, uniq_joseph
D:10:     layout_roguey, due_lair_maze_entry_diamond,
          gammafunk_ghost_abyssal_escape, serial_shops, nicolae_shop_stone,
          minmay_misc_feat_rows, uniq_erolcha
D:11:     layout_roguey, serial_shops, bzr_entry_water, shop,
          nicolae_shop_tiny_waterfront, nicolae_shop_tiny_statue_garden
D:12:     layout_rooms, zombieorc2_lemuel, enter_trove_2, minmay_fire_ice_demons
D:13:     layout_basic, hellmonk_vaults_keyhole, uniq_josephine, uniq_nessos,
          uniq_urug
D:15:     grunt_enter_depths_snipers, layout_basic, hex_tiny
Temple:   nicolae_temple_slightly_damp_pantheon
Orc:1:    dreamdust_wu_jian_sword_trials, layout_caves, serial_shops, shop
Orc:2:    grunt_orc_tribal_feast, layout_diamond_mine, basic_altar, uniq_sonja
Depths:1: layout_cave_shapes, hell_entry, fountainhead,
          nemelex_diamond_rough_becter, grunt_megastairs_3,
          kennysheep_random_hallway, minmay_shop_grove, serial_bayou_shore_b
Depths:2: minmay_the_grid_triangle_9x9_recursive_3_mashed
          [minmay_the_grid_triangle_9x9_warning,
          minmay_the_grid_triangle_9x9_intruding_spiral,
          minmay_the_grid_triangle_9x9_descending_squares,
          minmay_the_grid_triangle_9x9_prize_insulated,
          minmay_the_grid_triangle_9x9_zippers_horizontal,
          minmay_the_grid_triangle_9x9_corruption,
          minmay_the_grid_triangle_9x9_fully_insulated_deathbox,
          minmay_the_grid_triangle_9x9_corrupted_corridor,
          minmay_the_grid_triangle_9x9_stretched_checkered],
          layout_twisted_cross, enter_ziggurat_b, grunt_hell_entry_dis_grunt,
          pan_entry, uniq_enchantress

Skill      XL: |  1  2  3  4  5  6  7  8  9 10 11 12 13 |
---------------+----------------------------------------+-----
Fighting       | 4 5 6 7 8 9 10 11 13 | 13.4
Armour         | 4 5 6 7 8 9 10 11 | 11.7
Shields        | 4 5 6 7 8 9 10 11 | 11.4
Long Blades    | 3 4 6 7 9 10 12 13 14 | 14.0
Dodging        | 1 3 4 5 6 7 8 9 |  9.8
Throwing       | 1 3 4 5 6 7 8 |  8.0
Invocations    | 2 4 5 |  5.9

Action                     |  1- 3 |  4- 6 |  7- 9 | 10-12 | 13-15 || total
---------------------------+-------+-------+-------+-------+-------++-------
  Melee: Long sword        |    59 |    98 |   275 |   874 |       ||  1306
         Headbutt          |     4 |    17 |    55 |   194 |    40 ||   310
         Triple sword      |       |       |       |    11 |   159 ||   170
         Great sword       |       |       |       |    11 |       ||    11
  Throw: Javelin           |     7 |    17 |    13 |    12 |    13 ||    62
         Dart              |       |     7 |    18 |    56 |       ||    81
 Invoke: Heroism           |       |       |       |     3 |     3 ||     6
         Finesse           |       |       |       |     1 |       ||     1
  Evoke: Wand              |       |       |     7 |     9 |     7 ||    23
         Phial of floods   |       |       |       |     1 |       ||     1
    Use: Scroll            |       |     5 |    12 |     9 |     4 ||    30
         Potion            |       |     2 |     1 |    11 |     3 ||    17
 Armour: Scale mail        |    16 |     9 |    83 |   156 |       ||   264
         Chain mail        |    14 |    29 |       |       |       ||    43
         Skin              |       |     4 |       |       |       ||     4
         Plate armour      |       |       |       |    61 |   140 ||   201
  Dodge: Dodged            |    21 |    41 |   178 |   566 |   167 ||   973
  Block: Buckler           |    17 |    19 |    51 |   224 |       ||   311

Table legend: (Time is in decaauts)
 A = Elapsed time spent in this place.
 B = Non-inter-level travel time spent in this place.
 C = Inter-level travel time spent in this place.
 D = Time resting spent in this place.
 E = Time spent auto-exploring this place.
 F = Levels seen in this place.
 G = Mean time per level.
                   A        B        C        D        E       F      G
               +--------+--------+--------+--------+--------+-----+--------+
         Total |  18771 |  17534 |   1237 |   3764 |   9999 |  20 |  938.5 |
       Dungeon |  15203 |  14479 |    724 |   2821 |   8682 |  14 | 1085.9 |
        Temple |    222 |      7 |    215 |      0 |      0 |   1 |  222.0 |
  Orcish Mines |   3148 |   2850 |    298 |    894 |   1303 |   2 | 1574.0 |
        Depths |    127 |    127 |      0 |     49 |     14 |   2 |   63.5 |
        Bazaar |     70 |     70 |      0 |      0 |      0 |   1 |   70.0 |
               +--------+--------+--------+--------+--------+-----+--------+

Top non-repeatable levels by time:
    D:15: 2020 daAuts
   Orc:2: 1772 daAuts
    D:12: 1598 daAuts
     D:5: 1566 daAuts
   Orc:1: 1375 daAuts
     D:6: 1251 daAuts
     D:4: 1232 daAuts
     D:8: 1020 daAuts
     D:3: 1010 daAuts
     D:9: 963 daAuts
     D:1: 944 daAuts
    D:11: 920 daAuts
    D:10: 905 daAuts
     D:7: 680 daAuts
     D:2: 605 daAuts
